 Dungeon Crawl Stone Soup version 0.23-a0-408-g9d4b7ed (webtiles) character file.

403 Ijustatesigmund the Magician (level 6, 0/44 HPs)
             Began as a Gnoll Wizard on Nov 8, 2018.
             Succumbed to a scorpion's poison
             ... on level 4 of the Dungeon.
             The game lasted 00:11:50 (5225 turns).

Ijustatesigmund the Magician (Gnoll Wizard)         Turns: 5225, Time: 00:11:52

Health: 0/44       AC:  4    Str:  7 (9)  XL:     6   Next: 86%
Magic:  4/16       EV: 13    Int: 23      God:
Gold:   215        SH:  0    Dex: 10 (13) Spells: 10/19 levels left

rFire    . . .     SeeInvis .   e - +1 hand axe (venom)
rCold    . . .     Gourm    .   (no shield)
rNeg     . . .     Faith    .   a - +0 leather armour
rPois    .         Spirit   .   b - +0 hat
rElec    .         Reflect  .   (no cloak)
rCorr    .         Harm     .   (no gloves)
MR       .....                  g - +0 pair of boots
Stlth    ++........             (no amulet)
HPRegen  0.14/turn              (no ring)
MPRegen  0.15/turn              (no ring)

@: lethally poisoned (0 -> -10), very slightly contaminated
A: distributed training, fangs 1, strong nose
a: no special abilities


You were on level 4 of the Dungeon.
You were not hungry.

You visited 1 branch of the dungeon, and saw 4 of its levels.

You collected 215 gold pieces.

Inventory:

Hand Weapons
 e - a +1 hand axe of venom (weapon)
Armour
 a - a +0 leather armour (worn)
 b - a +0 hat (worn)
 g - a +0 pair of boots (worn)
Scrolls
 c - a scroll of identify
 j - a scroll of immolation {unknown}
 m - a scroll of remove curse {unknown}
Potions
 f - a potion of resistance
 i - 3 potions of brilliance
Comestibles
 d - 6 rations


   Skills:
 + Level 2.1 Fighting
 + Level 2.1 Short Blades
 + Level 2.1 Long Blades
 + Level 2.1 Axes
 + Level 2.1 Maces & Flails
 + Level 2.1 Polearms
 + Level 2.1 Staves
 + Level 2.1 Slings
 + Level 2.1 Bows
 + Level 2.1 Crossbows
 + Level 2.1 Throwing
 + Level 2.1 Armour
 + Level 5.0 Dodging
 + Level 4.7 Stealth
 + Level 2.1 Shields
 + Level 2.1 Unarmed Combat
 + Level 7.4 Spellcasting
 + Level 2.7 Conjurations
 + Level 1.6 Hexes
 + Level 1.6 Charms
 + Level 2.7 Summonings
 + Level 1.6 Necromancy
 + Level 2.7 Translocations
 + Level 1.6 Transmutations
 + Level 1.6 Fire Magic
 + Level 1.6 Ice Magic
 + Level 1.6 Air Magic
 + Level 1.6 Earth Magic
 + Level 1.6 Poison Magic
 + Level 2.3 Invocations
 + Level 2.1 Evocations


You had 10 spell levels left.
You knew the following spells:

 Your Spells              Type           Power        Failure   Level  Hunger
a - Magic Dart            Conj           ###.         3%          1    None
b - Blink                 Tloc           N/A          5%          2    None
c - Mephitic Cloud        Conj/Pois/Air  ###.....     14%         3    None
d - Conjure Flame         Conj/Fire      ###.....     13%         3    None

Your spell library contained the following spells:

 Spells                   Type           Power        Failure   Level  Hunger
 Flame Tongue             Conj/Fire      ###..        4%          1    None
 Call Imp                 Summ           ###.....     5%          2    None
 Slow                     Hex            ###.....     9%          2    None
 Cause Fear               Hex            ###.......   47%         4    ###....
 Bolt of Fire             Conj/Fire      ###.......   100%        6    ######.
 Dragon Form              Tmut           ###.......   100%        7    #######
 Dragon's Call            Summ           ###.......   100%        9    #######


Dungeon Overview and Level Annotations

Branches:
Dungeon (4/15)
 Temple: D:4-7

Altars:
Qazlal

Annotations:
D:3 3 runed doors, eyesofgods1's ghost, amateur GnFi


Innate Abilities, Weirdness & Mutations

Your experience applies equally to all skills.
You have very sharp teeth.
Your uncanny sense of smell can sniff out nearby items.


Message History

Press: ? - help, Shift-Dir - straight line, f/p - scorpion
Aim: a scorpion (almost dead)
The magic dart hits the scorpion.
You kill the scorpion!
* * * LOW HITPOINT WARNING * * *
You feel sick.
Okay, then.
Drop what? 11/52 slots (_ for help) (? for menu, Esc to quit)
You drop a potion of degeneration.
* * * LOW HITPOINT WARNING * * *
You feel sick.
* * * LOW HITPOINT WARNING * * *
You feel sick.
* * * LOW HITPOINT WARNING * * *
You feel sick.
* * * LOW HITPOINT WARNING * * *
You feel sick.
* * * LOW HITPOINT WARNING * * *
You feel sick.
You die...

#.........#
#.........#
#.........#
#.[.......# #
#.........# ..
#....##..##∆ ..S
#....##..######...
#....#............
##...#.@..†..##..
#. #.......#
+...##..#
#...##†.#
##.......>
#.....<....
∆.............
..............
#############


There were no monsters in sight!

Vanquished Creatures
  A scorpion (D:4)
  2 orc wizards
  Jessica (D:3)
  Natasha (thrice) (D:2)
  A worker ant (D:4)
  5 adders
  2 oozes
  3 worms
  4 dart slugs
  2 leopard geckos (D:3)
  9 orcs
  8 bats
  3 giant cockroaches
  11 goblins
  9 hobgoblins
  2 quokkas
  2 ball pythons
  6 frilled lizards
  19 kobolds
  7 rats
100 creatures vanquished.

Vanquished Creatures (others)
  A plant (D:3)
1 creature vanquished.

Grand Total: 101 creatures vanquished

Notes
Turn   | Place    | Note
-------+----------+-------------------------------------------
     0 | D:1      | Ijustatesigmund the Gnoll Wizard began the quest for the
                  | Orb.
     0 | D:1      | Reached XP level 1. HP: 13/13 MP: 8/8
   133 | D:1      | Reached XP level 2. HP: 19/19 MP: 7/10
   153 | D:1      | Learned a level 2 spell: Blink
   655 | D:1      | Reached XP level 3. HP: 25/25 MP: 2/11
   904 | D:1      | Learned a level 3 spell: Mephitic Cloud
   908 | D:1      | Learned a level 3 spell: Conjure Flame
  1405 | D:2      | Reached skill level 1 in Invocations
  1928 | D:2      | Reached skill level 1 in Fighting
  1928 | D:2      | Reached skill level 1 in Short Blades
  1928 | D:2      | Reached skill level 1 in Long Blades
  1928 | D:2      | Reached skill level 1 in Axes
  1928 | D:2      | Reached skill level 1 in Maces & Flails
  1928 | D:2      | Reached skill level 1 in Polearms
  1928 | D:2      | Reached skill level 1 in Staves
  1928 | D:2      | Reached skill level 1 in Slings
  1928 | D:2      | Reached skill level 1 in Bows
  1928 | D:2      | Reached skill level 1 in Crossbows
  1928 | D:2      | Reached skill level 1 in Throwing
  1928 | D:2      | Reached skill level 1 in Armour
  1928 | D:2      | Reached skill level 1 in Shields
  1928 | D:2      | Reached skill level 1 in Unarmed Combat
  1928 | D:2      | Reached skill level 1 in Evocations
  2090 | D:2      | Reached XP level 4. HP: 32/32 MP: 3/13
  2780 | D:2      | Noticed Natasha
  2791 | D:2      | Killed Natasha
  2791 | D:2      | Reached skill level 1 in Hexes
  2791 | D:2      | Reached skill level 1 in Charms
  2791 | D:2      | Reached skill level 1 in Necromancy
  2791 | D:2      | Reached skill level 1 in Transmutations
  2791 | D:2      | Reached skill level 1 in Fire Magic
  2791 | D:2      | Reached skill level 1 in Ice Magic
  2791 | D:2      | Reached skill level 1 in Air Magic
  2791 | D:2      | Reached skill level 1 in Earth Magic
  2791 | D:2      | Reached skill level 1 in Poison Magic
  2791 | D:2      | Reached XP level 5. HP: 26/37 MP: 7/14
  3031 | D:2      | Noticed Natasha
  3043 | D:2      | Killed Natasha
  3508 | D:2      | Noticed Natasha
  3512 | D:2      | Killed Natasha
  3701 | D:3      | Found a faded altar of an unknown god.
  3711 | D:3      | Noticed Jessica
  3736 | D:3      | Killed Jessica
  3739 | D:3      | Reached XP level 6. HP: 31/44 MP: 1/16
  4220 | D:3      | Found a runed gate.
  4221 | D:3      | Found a runed gate.
  4221 | D:3      | Found a runed gate.
  4469 | D:3      | Noticed eyesofgods1's ghost (amateur GnFi)
  4813 | D:3      | Reached skill level 5 in Dodging
  5173 | D:4      | Found a stormy altar of Qazlal.
  5224 | D:4      | HP: 1/44 [poisoned by a scorpion]
  5225 | D:4      | Succumbed to a scorpion's poison

Vault maps used:
D:1:      lightli_iron_boxes, hangedman_feature_mirror
D:2:      guppyfry_early_orc_mine, uniq_natasha
D:3:      first_ration, gammafunk_ghost_necromancy,
          chequers_ecumenical_altar_simple_redux, lexackson_kobold_supper,
          uniq_jessica
D:4:      chequers_serial_rivers_micro_c, grunt_qazlal_sundering

Skill      XL: |  1  2  3  4  5  6 |
---------------+-------------------+-----
Conjurations   | 2 |  2.7
Summonings     | 2 |  2.7
Translocations | 2 |  2.7
Invocations    | 1 2 |  2.3
Fighting       | 1 2 |  2.1
Short Blades   | 1 2 |  2.1
Long Blades    | 1 2 |  2.1
Axes           | 1 2 |  2.1
Maces & Flails | 1 2 |  2.1
Polearms       | 1 2 |  2.1
Staves         | 1 2 |  2.1
Slings         | 1 2 |  2.1
Bows           | 1 2 |  2.1
Crossbows      | 1 2 |  2.1
Throwing       | 1 2 |  2.1
Armour         | 1 2 |  2.1
Shields        | 1 2 |  2.1
Unarmed Combat | 1 2 |  2.1
Evocations     | 1 2 |  2.1
Hexes          | 1 |  1.6
Charms         | 1 |  1.6
Necromancy     | 1 |  1.6
Transmutations | 1 |  1.6
Fire Magic     | 1 |  1.6
Ice Magic      | 1 |  1.6
Air Magic      | 1 |  1.6
Earth Magic    | 1 |  1.6
Poison Magic   | 1 |  1.6
Dodging        | 5 |  5.0
Stealth        | |  4.7
Spellcasting   | |  7.4

Action                   |  1- 3 |  4- 6 || total
-------------------------+-------+-------++-------
Melee: Dagger            |    12 |       ||    12
       Bite              |     4 |     7 ||    11
       Short sword       |    12 |     3 ||    15
       Hand axe          |       |    82 ||    82
       Punch             |       |     3 ||     3
 Cast: Magic Dart        |    91 |   108 ||   199
       Mephitic Cloud    |     1 |     3 ||     4
       Blink             |     1 |     3 ||     4
  Use: Scroll            |     5 |     2 ||     7
       Potion            |     1 |     3 ||     4
 Stab: Sleeping          |       |     5 ||     5
       Confused          |       |     1 ||     1
       Invisible         |       |     1 ||     1
  Eat: Chunk             |     3 |    10 ||    13
Armor: Robe              |     1 |       ||     1
       Leather armour    |     3 |    12 ||    15
Dodge: Dodged            |    34 |    73 ||   107

Table legend:
 A = Non-vault XP
 B = Vault XP
 C = Vault XP percentage of total XP
 D = Non-vault monster count
 E = Vault monster count
 F = Vault count percentage of total count
                 A         B        C        D         E       F
            +---------+---------+-------+---------+---------+-------
      Total |     464 |     112 |  19.4 |      77 |      23 |  23.0
            +---------+---------+-------+---------+---------+-------
        D:1 |      43 |       7 |  14.0 |      24 |       6 |  20.0
        D:2 |     145 |      53 |  26.8 |      21 |       8 |  27.6
        D:3 |      92 |      52 |  36.1 |      20 |       9 |  31.0
        D:4 |     184 |       0 |   0.0 |      12 |       0 |   0.0
            +---------+---------+-------+---------+---------+-------
